Match 47353201
Unlisted

Match 47353201
End
Construct Section Command Post
Vickers Machine Gun Team
Dingo Light Scout Car
Infantry Section
Grenade Package
Infantry Section
Construct Platoon Command Post
Humber Armored Car
Infantry Section
Infantry Training
Selects Heavy Armor Battlegroup
Selects Rigorous Vehicle Training
Selects Light Vehicle Withdraw and Refit
CMP 15cwt Truck
Vickers Machine Gun Team
Unlock Bishop Self-propelled Artillery
Light Vehicle Training
6-pounder Anti-tank Gun Team
Bishop Self-propelled Artillery
Bishop Self-propelled Artillery
Construct Company Command Post
Crusader II Medium Tank
Armored Vehicle Training
Selects Radio Net
Selects Recon Artillery
Crusader II Medium Tank
Selects Forward Repair Assembly
Recon Artillery
Royal Engineer Section
Crusader II Medium Tank
Foot Guards Section
Recon Artillery
Selects Churchill Black Prince Heavy Tank
Recon Artillery
Matilda II Heavy Tank
Crusader II Medium Tank
Nefris
inc.
荡漾
13Magic
水银灯
Thunderhill
夜风月随
XXxxxGxxxXX
0
0

Comments sign in to comment!

No comments posted yet!